 Dungeon Crawl Stone Soup version 0.31-a0-1172-g9944ec47dd (webtiles) character file.

Game seed: 6900465295380977590

3 Lobster4 the Poker (level 1, -1/15 HPs)
             Began as a Human Wanderer on Dec 10, 2023.
             Succumbed to a goblin's poison
             ... on level 1 of the Dungeon.
             The game lasted 00:00:57 (70 turns).

Lobster4 the Poker (Human Wanderer)                   Turns: 70, Time: 00:00:58

Health: -1/15      AC:  3    Str:  9    XL:     1   Next: 55%
Magic:  3/3        EV: 11    Int: 13    God:
Gold:   24         SH:  0    Dex: 14    Spells: 4/4 levels left

rFire   . . .        a - +2 spear
rCold   . . .        (no shield)
rNeg    . . .        d - +0 robe
rPois   .            (no helmet)
rElec   .            (no cloak)
rCorr   .            (no gloves)
SInv    .            b - +0 pair of boots
Will    .....        (no amulet)
Stlth   +            (no ring)
HPRegen 0.22/turn    (no ring)
MPRegen 0.08/turn

%: no passive effects
@: lethally poisoned (-1 -> -9)
A: no striking features
a: no special abilities


You were on level 1 of the Dungeon.
You visited 1 branch of the dungeon, and saw 1 of its levels.

You collected 24 gold pieces.

Inventory:

Hand Weapons
 a - a +2 spear (weapon)
 f - a +2 dagger of venom
Armour
 b - a +0 pair of boots (worn)
 d - a +0 robe (worn)
Scrolls
 e - a scroll of identify {unknown}
Potions
 c - a potion of haste


   Skills:
 + Level 1.0 Fighting
 - Level 3.0 Polearms
 + Level 0.2 Armour
 + Level 1.0 Dodging
 + Level 2.0 Spellcasting
 + Level 2.0 Air Magic
 + Level 0.1 Poison Magic
 + Level 1.0 Evocations


You had 4 spell levels left.
You didn't know any spells.
Your spell library contained the following spells:

 Spells                   Type           Power      Damage    Failure   Level
 Poisonous Vapours        Pois/Air       8%         N/A       24%         2
 Static Discharge         Conj/Air       6%         3-4/arc   26%         2


Dungeon Overview and Level Annotations

Branches:
Dungeon (1/15)

Altars:


Message History

You hit the rat.
The rat is moderately wounded.
You hit the rat.
You kill the rat!
No target in view!
A kobold comes into view. It is wielding a +0 whip.
The kobold shouts!
You hit the kobold.
You kill the kobold!
No target in view!
Things that are here:
a +0 whip; a kobold corpse You now have 24 gold pieces (gained 8).
A goblin comes into view. It is wielding a +2 dagger of venom.
The goblin shouts!
You barely miss the goblin. The goblin misses you.
You hit the goblin.
The goblin is heavily wounded.
The goblin hits you but does no damage.
You are poisoned.
You closely miss the goblin.
The goblin is heavily wounded.
You feel sick.
The goblin hits you with a +2 dagger of venom.
You are lethally poisoned!
You hit the goblin. You punch the goblin.
The goblin is almost dead.
You feel very sick. The goblin misses you.
You are too injured to fight recklessly!
Okay, then.
You hit the goblin.
You kill the goblin!
* * * LOW HITPOINT WARNING * * *
You feel very sick.
* * * LOW HITPOINT WARNING * * *
You feel sick.
You see here a +2 dagger of venom.
f - a +2 dagger of venom You die...

#.#####.#.#######
..#.####......)....
..#.......#.####...
#.#..##...#.####.##
#.#................
#.#.####..#.####...
#.#.####..#.######.
###.#................
#...@...#####.#####..
#...........#.#......
#.......###.# #.#####
###....... #.#....
#.####### #....## ..
####### .#. ########
#.#. ##8.8#..
##...#..


There were no monsters in sight!

Vanquished Creatures
  A goblin (D:1)
  A kobold (D:1)
  A rat (D:1)
3 creatures vanquished.

Notes
Turn   | Place    | Note
-------+----------+-------------------------------------------
     0 | D:1      | Lobster4 the Human Wanderer began the quest for the Orb.
     0 | D:1      | Lobster4 set off with the following items: a +2 spear, a +0
                  | pair of boots, a potion of haste, a +0 robe; and the
                  | following spells available to memorise: Poisonous Vapours,
                  | Static Discharge.
     0 | D:1      | Reached XP level 1. HP: 15/15 MP: 3/3
    70 | D:1      | Succumbed to a goblin's poison

Illustrated notes

Levels and vault maps discovered:
D:1:      spicycebolla_arrival_ecumenical, layout_basic,
          hangedman_decor_growths, chequers_serial_rivers_marsh,
          nicolae_grassy_gnolls

Action                     || total
---------------------------++-------
  Melee: Spear             ||     8
         Punch             ||     1
 Armour: Robe              ||     2
  Dodge: Dodged            ||     2

Table legend: (Time is in decaauts)
 A = Elapsed time spent in this place.
 B = Non-inter-level travel time spent in this place.
 C = Inter-level travel time spent in this place.
 D = Time resting spent in this place.
 E = Time spent auto-exploring this place.
 F = Levels seen in this place.
 G = Mean time per level.
                   A        B        C        D        E       F      G
               +--------+--------+--------+--------+--------+-----+--------+
         Total |     69 |     69 |      0 |      0 |     55 |   1 |   69.0 |
       Dungeon |     69 |     69 |      0 |      0 |     55 |   1 |   69.0 |
               +--------+--------+--------+--------+--------+-----+--------+

Top non-repeatable levels by time:
     D:1: 69 daAuts
